 Dungeon Crawl Stone Soup version 0.23.2-1-ga50397a (webtiles) character file.

Game seed: 16300517319394234945

9745 Fang the Fighter (level 11, -11/72 HPs)
             Began as a Gargoyle Berserker on May 23, 2019.
             Was a High Priest of Trog.
             Mangled by a red ugly thing (21 damage)
             ... on level 11 of the Dungeon on May 24, 2019.
             The game lasted 00:12:10 (8710 turns).

Fang the Fighter (Gargoyle Berserker)               Turns: 8710, Time: 00:12:11

Health: -11/72     AC: 25    Str: 25    XL:     11   Next: 51%
Magic:  11/11      EV: 10    Int:  4    God:    Trog [*****.]
Gold:   635        SH:  0    Dex:  9    Spells: 10/10 levels left

rFire    . . .     SeeInvis .   o - +1 executioner's axe (venom)
rCold    . . .     Gourm    .   (shield currently unavailable)
rNeg     + . .     Faith    .   u - +0 plate armour of Trumpets {rElec MR+ Int-3} (curse)
rPois    ∞         Spirit   .   (no helmet)
rElec    +         Reflect  .   w - +2 cloak
rCorr    .         Harm     .   (no gloves)
MR       +....                  (no boots)
Stlth    ..........             g - amulet of regeneration
HPRegen  0.62/turn              (no ring)
MPRegen  0.12/turn              (no ring)

@: berserk cooldown, starving, slowed, very slow
A: negative energy resistance 1, electricity resistance, unbreathing,
petrification resistance, rot immunity, AC +8
a: Berserk, Trog's Hand, Brothers in Arms, Renounce Religion


You were on level 11 of the Dungeon.
You worshipped Trog.
Trog was extremely pleased with you.
You were starving.

You visited 3 branches of the dungeon, and saw 13 of its levels.

You collected 635 gold pieces.

Inventory:

Hand Weapons
 a - a +1 war axe
 o - a +1 executioner's axe of venom (weapon)
Armour
 b - a +3 plate armour
 u - the cursed +0 plate armour of Trumpets (worn) {rElec MR+ Int-3}
   (You found it on level 10 of the Dungeon)

   It affects your intelligence (-3).
   It insulates you from electricity.
   It affects your resistance to hostile enchantments.
   It has a curse placed upon it.
 w - a +2 cloak (worn)
Jewellery
 d - an uncursed ring of see invisible {unknown}
 g - an amulet of regeneration (around neck)
 h - an uncursed amulet of the gourmand
 n - a +3 amulet of reflection
Wands
 j - a wand of acid (2)
 l - a wand of polymorph (11)
 x - a wand of paralysis (9)
Scrolls
 e - 4 scrolls of teleportation
 k - 2 scrolls of fog
 m - 4 scrolls of remove curse
 t - a scroll of fear
Potions
 f - a potion of berserk rage {unknown}
 i - 3 potions of might
 p - 2 potions of mutation
 q - 4 potions of flight
 r - a potion of agility {unknown}
 z - a potion of haste
 A - 2 potions of heal wounds {unknown}
 B - a potion of magic {unknown}
 C - 4 potions of curing {unknown}
Comestibles
 c - 18 rations


   Skills:
 + Level 10.3 Fighting
 + Level 8.7 Axes
 + Level 10.0 Armour
 + Level 7.6 Dodging


You had 10 spell levels left.
You didn't know any spells.
Your spell library was empty.

Dungeon Overview and Level Annotations

Branches:
Dungeon (11/15)            Temple (1/1) D:4            Lair (1/6) D:8
    Orc (0/2) D:11

Altars:
Cheibriados
Dithmenos
Fedhas
Hepliaklqana
Kikubaaqudgha
Makhleb
Okawaru
Sif Muna
Uskayaw
Wu Jian
Yredelemnul
Zin

Annotations:
D:9 exclusions: ice statue and obsidian statue
D:10 2 transporters
D:11 exclusion: 2 oklob plants


Innate Abilities, Weirdness & Mutations

You are resistant to torment.
Your stone body is resilient. (AC +8)
You are immune to poison.
You resist negative energy. (rN+)
You are resistant to electric shocks. (rElec)
You can survive without breathing.
You are immune to petrification.
You are immune to rotting.


Message History

You destroy the goblin skeleton!
Trog accepts your kill.
You slice the phantom!!
You hit the goblin zombie but do no damage.
You slash the goblin zombie!
You destroy the goblin zombie!
Trog accepts your kill.
Your skin stops crawling.
You feel less resistant to hostile enchantments.
The phantom hits you but does no damage.
The red ugly thing claws you.
You are engulfed in flames!!
* * * LOW HITPOINT WARNING * * *
A hobgoblin skeleton comes into view.
The phantom hits you but does no damage.
The goblin zombie hits you but does no damage.
A goblin zombie comes into view.
The ogre zombie barely misses you. The red ugly thing claws you.
* * * LOW HITPOINT WARNING * * *
You are engulfed in flames!!
You die...

# #.# # Z ...# #.#.
##...# .$## .... ...#
#Z.. #.###ZZ#..#.#
....ZZZZWZ..# #Zu@## #
#### #.##..### .# #...
##.#.#..##.##.# #<..
#.....#.......# ####...
.##.##......##.###......
# #.##..#####)..##...
#.#..#).##.#)#######
..##...#.#....#
#..#..#...%.####


You could see a red ugly thing, a phantom, 2 goblin zombies, a hobgoblin zombie,
3 orc zombies, 2 ogre zombies and 2 hobgoblin skeletons.

Vanquished Creatures
  A manticore (D:11)
  An elephant (D:8)
  4 molten gargoyles
  Maurice (D:11)
  A merfolk (D:9)
  2 polar bears (D:9)
  A troll (D:8)
  6 hippogriffs
  7 yaks
  2 basilisks (D:8)
  A wyvern (D:10)
  A hungry ghost (D:11)
  2 water moccasins
  A floating eye (D:11)
  An orc warrior (D:7)
  A sky beast (D:5)
  5 ogres
  2 phantoms
  A crocodile (D:7)
  3 centaurs
  3 bullfrogs
  A wyvern skeleton (D:9)
  3 scorpions
  2 troll zombies (D:11)
  7 wights
  4 killer bees (D:9)
  An electric eel (D:7)
  A lava snake (D:10)
  3 centaur zombies
  An orc priest (D:10)
  4 hounds
  6 orc wizards
  3 bullfrog skeletons
  3 iguanas
  7 worker ants
  2 ogre zombies (D:11)
  5 hound skeletons
  A worker ant zombie (D:10)
  11 adders
  2 gnolls
  5 shadow imps
  4 white imps (D:9)
  A worker ant simulacrum (D:9)
  An ooze (D:2)
  An adder skeleton (D:7)
  3 worms
  3 adder simulacra (D:9)
  A dart slug (D:1)
  5 leopard geckos
  28 orcs
  A ball python (D:3)
  6 giant cockroaches
  10 goblins
  5 hobgoblins
  9 jackals
  6 quokkas
  10 bats
  4 frilled lizards
  A goblin skeleton (D:11)
  A goblin zombie (D:11)
  A hobgoblin zombie (D:11)
  7 kobolds
  5 orc zombies (D:11)
  A quokka skeleton (D:5)
  6 rats
239 creatures vanquished.

Notes
Turn   | Place    | Note
-------+----------+-------------------------------------------
     0 | D:1      | Fang the Gargoyle Berserker began the quest for the Orb.
     0 | D:1      | Reached XP level 1. HP: 14/14 MP: 1/1
    73 | D:1      | Reached XP level 2. HP: 8/19 MP: 2/2
   487 | D:1      | Reached XP level 3. HP: 19/23 MP: 3/3
   827 | D:2      | Reached ** piety under Trog
   945 | D:2      | Found a blossoming altar of Fedhas.
   988 | D:2      | Reached XP level 4. HP: 28/29 MP: 4/4
  1370 | D:3      | Reached XP level 5. HP: 26/33 MP: 5/5
  1904 | D:3      | Found a glowing silver altar of Zin.
  2198 | D:4      | Found an ancient bone altar of Kikubaaqudgha.
  2198 | D:4      | Found a blossoming altar of Fedhas.
  2219 | D:4      | Reached *** piety under Trog
  2239 | D:4      | Reached XP level 6. HP: 25/39 MP: 6/6
  2349 | D:4      | Found a snail-covered altar of Cheibriados.
  2479 | D:4      | Found a staircase to the Ecumenical Temple.
  2486 | Temple   | Entered the Ecumenical Temple
  2596 | D:4      | HP: 1/58 [ogre/+0 giant club (10)]
  2979 | D:5      | Entered Level 5 of the Dungeon
  2990 | D:5      | Reached skill level 5 in Fighting
  2990 | D:5      | Reached XP level 7. HP: 17/44 MP: 7/7
  3018 | D:5      | HP: 2/44 [hound (2)]
  3471 | D:5      | Reached skill level 5 in Armour
  3472 | D:5      | Found a shadowy altar of Dithmenos.
  3755 | D:6      | Found a deep blue altar of Sif Muna.
  3758 | D:6      | Found a snail-covered altar of Cheibriados.
  3817 | D:6      | Reached XP level 8. HP: 51/51 MP: 8/8
  4095 | D:6      | Found an ornate altar of the Wu Jian Council.
  4238 | D:7      | Found a basalt altar of Yredelemnul.
  4356 | D:7      | Reached skill level 5 in Axes
  4464 | D:7      | Reached **** piety under Trog
  4913 | D:8      | Noticed a hippogriff
  4914 | D:8      | Found a staircase to the Lair.
  4914 | D:8      | Noticed an elephant
  4922 | D:8      | Killed a hippogriff
  4922 | D:8      | Reached XP level 9. HP: 56/56 MP: 9/9
  4927 | D:8      | Reached skill level 5 in Dodging
  4937 | D:8      | Killed an elephant
  5201 | D:8      | Noticed a +0 dagger
  5201 | D:8      | Noticed a +0 hand axe
  5205 | D:8      | Found a hide-covered altar of Uskayaw.
  5406 | D:8      | Noticed a troll
  5420 | D:8      | Killed a troll
  5578 | D:8      | Found a hazy altar of Hepliaklqana.
  5958 | Lair:1   | Entered Level 1 of the Lair of Beasts
  5993 | D:9      | Reached XP level 10. HP: 64/64 MP: 10/10
  6214 | D:9      | Found a burning altar of Makhleb.
  6441 | D:9      | HP: 3/65 [polar bear (20)]
  6910 | D:9      | Found an iron altar of Okawaru.
  6991 | D:9      | Reached ***** piety under Trog
  7041 | D:9      | Noticed an obsidian statue
  7065 | D:9      | Noticed a rust devil
  7103 | D:9      | HP: 3/66 [rust devil[an obsidian statue] (1)]
  7188 | D:9      | Noticed an ice statue
  7362 | D:10     | Entered Level 10 of the Dungeon
  7414 | D:10     | Noticed a molten gargoyle
  7424 | D:10     | Killed a molten gargoyle
  7427 | D:10     | Noticed a molten gargoyle
  7604 | D:10     | Noticed a molten gargoyle
  7672 | D:9      | Killed a molten gargoyle
  7782 | D:10     | Killed a molten gargoyle
  7782 | D:10     | Reached XP level 11. HP: 72/72 MP: 11/11
  8099 | D:10     | Got a transparent plate armour
  8110 | D:10     | Identified the cursed +0 plate armour of Trumpets {rElec
                  | MR+ Int-3} (You found it on level 10 of the Dungeon)
  8110 | D:10     | Identified a scroll of acquirement
  8258 | D:10     | Reached skill level 10 in Fighting
  8390 | D:10     | Noticed a great orb of eyes
  8549 | D:10     | Found a transporter.
  8551 | D:10     | Found a transporter.
  8555 | D:10     | Noticed a glowing orange brain
  8580 | D:11     | Noticed an oklob plant
  8580 | D:11     | Noticed an oklob plant
  8590 | D:11     | Paralysed by a floating eye for 3 turns
  8598 | D:11     | Paralysed by a floating eye for 4 turns
  8645 | D:11     | Noticed Maurice
  8652 | D:11     | Killed Maurice
  8671 | D:11     | Paralysed by fainting for 6 turns
  8693 | D:11     | Noticed a manticore
  8696 | D:11     | Found a staircase to the Orcish Mines.
  8701 | D:11     | Killed a manticore
  8701 | D:11     | Reached skill level 10 in Armour
  8705 | D:11     | Noticed a red ugly thing
  8710 | D:11     | Mangled by a red ugly thing

Skill      XL: |  1  2  3  4  5  6  7  8  9 10 11 |
---------------+----------------------------------+-----
Axes           | 3 4 5 6 8 |  8.7
Dodging        | 2 3 4 6 7 |  7.6
Armour         | 3 4 5 6 7 9 10 | 10.0
Fighting       | 4 5 6 8 9 10 | 10.3

Action                   |  1- 3 |  4- 6 |  7- 9 | 10-12 || total
-------------------------+-------+-------+-------+-------++-------
Melee: Hand axe          |   107 |   258 |   449 |       ||   814
       War axe           |       |       |    40 |   273 ||   313
       Executioner's axe |       |       |       |    64 ||    64
Invok: Berserk           |     1 |     2 |     3 |     8 ||    14
       Trog's Hand       |       |       |     1 |     1 ||     2
       Brothers in Arms  |       |       |       |     1 ||     1
  Use: Scroll            |       |       |    17 |     4 ||    21
  Eat: Chunk             |     1 |    12 |    10 |    16 ||    39
       Ration            |       |       |     1 |     1 ||     2
Armor: Animal skin       |    25 |       |       |       ||    25
       Plate armour      |    14 |   224 |   446 |   365 ||  1049
       Skin              |     2 |       |       |       ||     2
Dodge: Dodged            |    63 |   115 |   253 |   268 ||   699
